 Dungeon Crawl Stone Soup version 0.29-a0-577-gafbf2c5d25 (webtiles) character file.

Game seed: 580543291512327487

5360 nogbad the Cleaver (level 10, 0/89 HPs)
             Began as a Minotaur Fighter on June 13, 2022.
             Slain by a ten-headed hydra (12 damage)
             ... on level 9 of the Dungeon.
             The game lasted 00:39:41 (5975 turns).

nogbad the Cleaver (Minotaur Fighter)               Turns: 5975, Time: 00:39:42

Health: 0/89       AC: 18    Str: 20    XL:     10   Next: 39%
Magic:  3/3        EV: 11    Int: 10    God:
Gold:   314        SH: 12    Dex: 10    Spells: 9/9 levels left

rFire   . . .      SeeInvis +   I - +8 hand axe of Perocsuc {antimagic, rN++ Str-5}
rCold   . . .      Faith    .   c - +2 buckler
rNeg    + + .      Spirit   .   y - +3 ring mail "Deseudd" {rPois Regen+ Int+5}
rPois   +          Reflect  +   L - +1 hat {SInv}
rElec   .          Harm     .   h - +2 cloak
rCorr   .          Rampage  .   (no gloves)
Will    .....                   (no boots)
Stlth   +.........              D - amulet of reflection
HPRegen 1.04/turn               z - +4 ring of protection
MPRegen 0.08/turn               J - ring of see invisible

@: no status effects
A: horns 2, retaliatory headbutt
a: no special abilities


You were on level 9 of the Dungeon.
You visited 2 branches of the dungeon, and saw 10 of its levels.

You collected 539 gold pieces.
You spent 225 gold pieces at shops.

Inventory:

Hand Weapons
 a - a +0 war axe
 g - a +0 hand axe of electrocution
 i - a +0 short sword of venom
 o - a +2 antimagic hand axe
 G - a +2 scimitar of distortion
 I - the +8 hand axe of Perocsuc (weapon) {antimagic, rN++ Str-5}
   (You found it on level 7 of the Dungeon)

   It reduces the magical energy of the wielder, and disrupts the spells and
   magical abilities of those it strikes.
   Natural abilities and divine invocations are not affected.
   Str:       It affects your strength (-5).
   rN:        It greatly protects you from negative energy.
 M - a +1 falchion of holy wrath
 N - a +2 rapier of protection
Armour
 b - a +0 scale mail
 c - a +2 buckler (worn)
 h - a +2 cloak (worn)
 k - a +0 helmet
 r - a +0 chain mail
 y - the +3 ring mail "Deseudd" (worn) {rPois Regen+ Int+5}
   (You bought it in a shop on level 6 of the Dungeon)

   Int:       It affects your intelligence (+5).
   rPois:     It protects you from poison.
   Regen:     It increases your rate of health regeneration.
 C - a +0 pair of gloves
 H - +0 acid dragon scales
 L - a +1 hat of see invisible (worn)
Jewellery
 e - an amulet of faith
 z - a +4 ring of protection (left hand)
 D - an amulet of reflection (around neck)
 J - a ring of see invisible (right hand)
 K - an amulet of regeneration
Wands
 d - a wand of flame (21)
 A - a wand of acid (13)
 E - a wand of charming (15)
 F - a wand of paralysis (7)
Scrolls
 j - 5 scrolls of teleportation
 m - a scroll of identify
 q - a scroll of amnesia
 s - a scroll of enchant armour
 t - 3 scrolls of fear
 w - a scroll of blinking
Potions
 f - a potion of berserk rage
 l - 5 potions of lignification
 n - 5 potions of curing {unknown}
 p - 6 potions of heal wounds
 u - a potion of haste
 v - 2 potions of mutation {unknown}
 x - a potion of flight {unknown}
 B - a potion of brilliance {unknown}
 O - a potion of invisibility {unknown}


   Skills:
 + Level 8.3 Fighting
 + Level 11.9 Axes
 + Level 9.5 Armour
 + Level 4.0 Dodging
 + Level 1.4 Stealth
 + Level 7.9 Shields


You had 9 spell levels left.
You didn't know any spells.
Your spell library contained the following spells:

 Spells                   Type           Power      Damage    Failure   Level
 Slow                     Hex            0%         N/A       58%         1
 Static Discharge         Conj/Air       0%         N/A       73%         2
 Confusing Touch          Hex            0%         N/A       91%         3
 Conjure Flame            Conj/Fire      0%         6-21      91%         3
 Gell's Gravitas          Tloc           0%         N/A       91%         3
 Ignite Poison            Fire/Tmut/Pois 0%         N/A       91%         3
 Lesser Beckoning         Tloc           0%         N/A       91%         3
 Ozocubu's Armour         Ice            0%         N/A       91%         3
 Summon Guardian Golem    Hex/Summ       0%         N/A       91%         3
 Teleport Other           Tloc           0%         N/A       91%         3
 Vampiric Draining        Necr           0%         2d6       91%         3
 Anguish                  Hex/Necr       0%         N/A       100%        4
 Sticky Flame             Conj/Fire      0%         2d3       100%        4
 Lightning Bolt           Conj/Air       0%         1d11      100%        5
 Metabolic Englaciation   Hex/Ice        0%         N/A       100%        5
 Yara's Violent Unravell  Hex/Tmut       0%         3d3       100%        5
 Simulacrum               Ice/Necr       0%         N/A       100%        6
 Enfeeble                 Hex            0%         N/A       100%        7
 Malign Gateway           Summ/Tloc      0%         N/A       100%        7
 Orb of Destruction       Conj           0%         9d5       100%        7
 Spellforged Servitor     Conj/Summ      0%         N/A       100%        7
 Maxwell's Capacitive Co  Air            0%         ∞         100%        8
 Summon Horrible Things   Summ           0%         N/A       100%        8


Dungeon Overview and Level Annotations

Branches:
Dungeon (9/15)             Temple (1/1) D:7
   Lair: D:8-11         Orc: D:9-12

Altars:
Elyvilon
Gozag
Nemelex Xobeh
Okawaru
Qazlal
Ru
Sif Muna
Trog
Vehumet
Wu Jian
Xom
Zin
The Shining One

Shops:
D:1 [   D:2 *   D:4 *(!((   D:6 *[(**


Innate Abilities, Weirdness & Mutations

You have a pair of horns on your head.
You reflexively headbutt those who attack you in melee.


Message History

You block the ten-headed hydra's attack.
The ten-headed hydra bites you!
The ten-headed hydra bites you but does no damage.
You block the ten-headed hydra's attack.
The ten-headed hydra bites you but does no damage.
The ten-headed hydra bites you.
You see here a scroll of identify.
The ten-headed hydra attacks as you move away!
The ten-headed hydra bites you!
* * * LOW HITPOINT WARNING * * *
The ten-headed hydra bites you but does no damage.
You block the ten-headed hydra's attack.
The ten-headed hydra closely misses you.
The ten-headed hydra bites you but does no damage.
You block the ten-headed hydra's attack. x3
The ten-headed hydra bites you but does no damage.
The ten-headed hydra barely misses you.
The ten-headed hydra bites you but does no damage.
The ten-headed hydra misses you.
You block the ten-headed hydra's attack.
The ten-headed hydra bites you!
* * * LOW HITPOINT WARNING * * *
The ten-headed hydra bites you but does no damage.
The ten-headed hydra bites you.
* * * LOW HITPOINT WARNING * * *
You block the ten-headed hydra's attack.
The ten-headed hydra bites you but does no damage. x3
There is an escape hatch in the floor here.
The ten-headed hydra bites you but does no damage.
You block the ten-headed hydra's attack. x2
The ten-headed hydra bites you but does no damage.
The ten-headed hydra bites you.
* * * LOW HITPOINT WARNING * * *
The ten-headed hydra closely misses you.
The ten-headed hydra completely misses you.
The ten-headed hydra bites you but does no damage.
The ten-headed hydra bites you.
* * * LOW HITPOINT WARNING * * *
The ten-headed hydra bites you!
You die...

##############
#......<.....#
#............#
#..........?.#
...........$.#
#...........D#
#.........$.@#
#................#
#............#####
#............#
###########


You could see a ten-headed hydra.

Vanquished Creatures
  Gastronok (D:8)
  A two-headed ogre (D:6)
  Maggie (D:7)
  Prince Ribbit (D:8)
  2 wyverns (D:8)
  Grum (D:8)
  Eustachio (D:4)
  2 water moccasins
  Duvessa (D:4)
  An ogre (D:7)
  4 wolves (D:8)
  A kobold brigand (D:8)
  A phantom (D:6)
  2 bullfrogs
  Blork the orc (D:4)
  4 scorpions
  4 wights (D:8)
  Dowan (D:4)
  4 killer bees (D:5)
  4 howler monkeys
  5 hounds
  3 jellies
  2 orc priests (D:3)
  6 iguanas
  7 orc wizards
  Robin (D:4)
  7 gnolls
  4 adders
  3 white imps
  2 worms
  8 dart slugs
  23 orcs
  4 endoplasms
  6 giant cockroaches
  12 goblins
  11 hobgoblins
  2 jackals (D:1)
  2 quokkas
  5 ball pythons
  3 bats
  2 frilled lizards (D:3)
  12 kobolds
  5 rats
173 creatures vanquished.

Vanquished Creatures (others)
  A plant (D:1)
  5 toadstools (D:1)
6 creatures vanquished.

Grand Total: 179 creatures vanquished

Notes
Turn   | Place    | Note
-------+----------+-------------------------------------------
     0 | D:1      | nogbad the Minotaur Fighter began the quest for the Orb.
     0 | D:1      | Reached XP level 1. HP: 19/19 MP: 0/0
   184 | D:1      | Found Raafonn's Armour Emporium.
   194 | D:1      | Reached XP level 2. HP: 25/27 MP: 1/1
   886 | D:2      | Reached XP level 3. HP: 28/33 MP: 2/2
   891 | D:2      | Found a faded altar of an unknown god.
   973 | D:2      | Reached skill level 3 in Axes
  1057 | D:2      | Found Hode's Assorted Antiques.
  1450 | D:3      | Reached XP level 4. HP: 41/41 MP: 3/3
  1763 | D:3      | Reached XP level 5. HP: 47/47 MP: 4/4
  1769 | D:3      | Reached skill level 4 in Axes
  1997 | D:4      | Found Taekeos's General Store.
  2044 | D:4      | Found Olauj's Weapon Boutique.
  2049 | D:4      | Noticed Robin
  2060 | D:4      | Reached XP level 6. HP: 47/53 MP: 5/5
  2075 | D:4      | Killed Robin
  2076 | D:4      | Reached skill level 5 in Axes
  2114 | D:4      | Found Pulenip's Distillery.
  2118 | D:4      | Found Qudd's Antique Weapon Boutique.
  2340 | D:4      | Noticed Duvessa
  2340 | D:4      | Noticed Dowan
  2346 | D:4      | Killed Duvessa
  2347 | D:4      | Reached skill level 5 in Armour
  2347 | D:4      | Reached skill level 1 in Dodging
  2347 | D:4      | Reached skill level 1 in Stealth
  2370 | D:4      | Noticed Eustachio
  2376 | D:4      | Killed Dowan
  2377 | D:4      | Reached skill level 5 in Fighting
  2377 | D:4      | Reached skill level 6 in Axes
  2401 | D:4      | Killed Eustachio
  2402 | D:4      | Reached XP level 7. HP: 40/61 MP: 6/6
  2521 | D:4      | Found Fionn's Antique Weapon Boutique.
  2565 | D:4      | Noticed Blork the orc
  2573 | D:4      | Killed Blork the orc
  2655 | D:5      | Entered Level 5 of the Dungeon
  2665 | D:5      | Reached skill level 7 in Axes
  2683 | D:5      | Reached skill level 5 in Shields
  2832 | D:5      | Reached XP level 8. HP: 47/70 MP: 7/7
  2920 | D:5      | Reached skill level 8 in Axes
  3602 | D:6      | Found Foqod's General Store.
  3610 | D:6      | Noticed a two-headed ogre
  3626 | D:6      | Killed a two-headed ogre
  3627 | D:6      | Reached skill level 9 in Axes
  3627 | D:6      | Reached XP level 9. HP: 24/78 MP: 8/8
  3636 | D:6      | Found Begovio's Assorted Antiques.
  3681 | D:6      | Found Alaublup's Antique Armour Emporium.
  3730 | D:6      | Found Axteh's General Store.
  3900 | D:6      | Found a glowing silver altar of Zin.
  4096 | D:6      | Bought a brightly glowing ring mail for 225 gold pieces
  4096 | D:6      | Identified the +3 ring mail "Deseudd" {rPois Regen+ Int+5}
                  | (You bought it in a shop on level 6 of the Dungeon)
  4176 | D:6      | Found Ciumia's Weapon Shoppe.
  4812 | D:7      | Noticed Maggie
  4828 | D:7      | Killed Maggie
  4829 | D:7      | Reached skill level 10 in Axes
  4842 | D:7      | Identified the +8 hand axe of Perocsuc {antimagic, rN++
                  | Str-5}
  5071 | D:7      | Found a staircase to the Ecumenical Temple.
  5083 | Temple   | Entered the Ecumenical Temple
  5404 | D:8      | Noticed Gastronok
  5422 | D:8      | Killed Gastronok
  5423 | D:8      | Reached skill level 11 in Axes
  5423 | D:8      | Reached XP level 10. HP: 88/88 MP: 3/9
  5529 | D:8      | Noticed Prince Ribbit
  5554 | D:8      | Killed Prince Ribbit
  5579 | D:8      | Noticed Grum
  5604 | D:8      | Killed Grum
  5960 | D:9      | Noticed a six-headed hydra
  5975 | D:9      | Slain by a ten-headed hydra

Illustrated notes

Levels and vault maps discovered:
D:1:      ldierk_walled_garden, layout_rooms, serial_shops, shop, st_stairs_14
D:2:      layout_loops_ring, serial_shops, shop,
          chequers_ecumenical_altar_simple_redux, kennysheep_generic_room_8
D:3:      layout_loops_ring
D:4:      layout_basic, serial_shops, shop, nicolae_shop_behind_doors,
          nicolae_stop_n_shop_2, shop, kennysheep_mini, grunt_ministairs_8,
          uniq_eustachio, uniq_blork_the_orc, uniq_menkaure, uniq_duvessa,
          uniq_robin
D:5:      layout_layer_cave
D:6:      layout_basic, overflow_temple_1_default, serial_shops, shop,
          nicolae_stop_n_shop_1, nicolae_stop_n_shop_2, kennysheep_little_box,
          nicolae_shop_advertising_works [nicolae_subvault_shop_adworks]
D:7:      layout_layer_cave, temple_hall, minmay_manual_mullet, uniq_maggie
D:8:      layout_basic, grunt_decor_mini_mirrors, uniq_grum, uniq_gastronok,
          uniq_prince_ribbit1
D:9:      layout_roguey, erik_lair_dragon, uniq_joseph
Temple:   grunt_wide_crystal_templ

Skill      XL: |  1  2  3  4  5  6  7  8  9 10 |
---------------+-------------------------------+-----
Fighting       | 4 5 6 8 |  8.3
Shields        | 4 5 6 7 |  7.9
Armour         | 4 5 6 7 9 |  9.5
Axes           | 3 4 6 7 9 11 | 11.9
Dodging        | 1 2 3 4 |  4.0
Stealth        | 1 |  1.4

Action                   |  1- 3 |  4- 6 |  7- 9 | 10-12 || total
-------------------------+-------+-------+-------+-------++-------
Melee: War axe           |    19 |       |       |       ||    19
       Headbutt          |     8 |    20 |    34 |    18 ||    80
       Hand axe          |    61 |   122 |   211 |    69 ||   463
  Use: Scroll            |     8 |     1 |     7 |     2 ||    18
       Potion            |       |       |     2 |       ||     2
Armor: Scale mail        |    32 |    18 |       |       ||    50
       Chain mail        |       |    36 |    69 |       ||   105
       Ring mail         |       |       |    29 |    42 ||    71
Dodge: Dodged            |    31 |    45 |    79 |    38 ||   193
Block: Buckler           |    14 |    23 |    54 |    58 ||   149

Table legend: (Time is in decaauts)
 A = Elapsed time spent in this place.
 B = Non-inter-level travel time spent in this place.
 C = Inter-level travel time spent in this place.
 D = Time resting spent in this place.
 E = Time spent auto-exploring this place.
 F = Levels seen in this place.
 G = Mean time per level.
                   A        B        C        D        E       F      G
               +--------+--------+--------+--------+--------+-----+--------+
         Total |   6011 |   5999 |     12 |      0 |      0 |  10 |  601.1 |
       Dungeon |   5969 |   5957 |     12 |      0 |      0 |   9 |  663.2 |
        Temple |     41 |     41 |      0 |      0 |      0 |   1 |   41.0 |
               +--------+--------+--------+--------+--------+-----+--------+

Top non-repeatable levels by time:
     D:6: 1017 daAuts
     D:5: 940 daAuts
     D:3: 807 daAuts
     D:7: 696 daAuts
     D:2: 648 daAuts
     D:4: 644 daAuts
     D:8: 604 daAuts
     D:1: 597 daAuts
  Temple: 41 daAuts
     D:9: 13 daAuts
